 Dungeon Crawl Stone Soup version 0.22.1-2-g9c5b331 (webtiles) character file.

401 nuthulu the Shield-Bearer (level 6, -15/37 HPs)
             Began as a Gargoyle Fighter on Jan 6, 2019.
             Demolished by Menkaure (20 damage)
             ... in an ossuary.
             The game lasted 00:07:37 (3350 turns).

nuthulu the Shield-Bearer (Gargoyle Fighter)        Turns: 3350, Time: 00:07:38

Health: -15/37     AC: 11    Str: 27    XL:     6   Next: 85%
Magic:  6/6        EV:  8    Int:  8    God:
Gold:   196        SH: 11    Dex:  9    Spells: 5/5 levels left

rFire    . . .     SeeInvis .   a - +0 flail
rCold    . . .     Gourm    .   c - +0 shield
rNeg     + . .     Faith    .   b - +0 scale mail
rPois    ∞         Spirit   .   (no helmet)
rElec    +         Reflect  .   (no cloak)
rCorr    .         Harm     .   (no gloves)
MR       .....                  (no boots)
Stlth    ..........             (no amulet)
HPRegen  0.12/turn              (no ring)
MPRegen  0.10/turn              (no ring)

@: mighty
A: negative energy resistance 1, electricity resistance, unbreathing,
petrification resistance, rot immunity, AC +4
a: no special abilities


You were in an ossuary.
You were hungry.

You visited 1 branch of the dungeon, and saw 5 of its levels.
You also visited: Ossuary.

You collected 196 gold pieces.

Inventory:

Hand Weapons
 a - a +0 flail (weapon)
Armour
 b - a +0 scale mail (worn)
 c - a +0 shield (worn)
Scrolls
 g - 2 scrolls of remove curse
 j - 2 scrolls of teleportation
Potions
 e - 4 potions of curing
 h - a potion of flight
 i - a potion of brilliance {unknown}
 k - 2 potions of ambrosia
Comestibles
 f - 9 rations


   Skills:
 - Level 3.2 Fighting
 + Level 5.1 Maces & Flails
 - Level 3.2 Armour
 + Level 6.2 Shields


You had 5 spell levels left.
You didn't know any spells.
Your spell library contained the following spells:

 Spells                   Type           Power        Failure   Level  Hunger
 Magic Dart               Conj           #...         96%         1    ##.....
 Blink                    Tloc           N/A          99%         2    ###....
 Call Imp                 Summ           #.......     99%         2    ###....
 Slow                     Hex            #.......     99%         2    ###....
 Conjure Flame            Conj/Fire      #.......     100%        3    ####...
 Mephitic Cloud           Conj/Pois/Air  #.......     100%        3    ####...


Dungeon Overview and Level Annotations

Branches:
Dungeon (5/15)
 Temple: D:4-7

Altars:

Annotations:
Ossuary Menkaure


Innate Abilities, Weirdness & Mutations

You are resistant to torment.
Your stone body is resilient. (AC +4)
You are immune to poison.
You resist negative energy. (rN+)
You are resistant to electric shocks. (rElec)
You can survive without breathing.
You are immune to petrification.
You are immune to rotting.


Message History

Menkaure is moderately damaged.
Menkaure calls on the powers of darkness!
Your body is wracked with pain!
You hit Menkaure but do no damage.
Menkaure is moderately damaged.
You block Menkaure's attack.
You block the mummy's attack. x2; Menkaure barely misses you.
Menkaure casts a spell at you. Pain shoots through your body!
There is an open door here.
You hit Menkaure.
Menkaure is heavily damaged.
Menkaure hits you!
* * * LOW HITPOINT WARNING * * *
You block the mummy's attack.
You thump Menkaure!
Menkaure is almost destroyed.
You block Menkaure's attack. Menkaure hits you!!
Ouch! That really hurt!
You die...

#...................
#..#####'###'###'###
#..#...#...#...#...#
#..#.#########'#'###
#..'.#....#....#....
#..###....#....#....
#..#.#....#....#....
#..#.'.........#....
#MM@.####......#...#
#.M###.............
#MM#.#.............
#.M#.#.M......!?!..
#..'.'.M.M'..??$!?.
#..########..!$∩$?.
#..# ...!?$!!. #..#
.....!?!.. #..+
...........


You could see Menkaure and 5 mummies.

Vanquished Creatures
  2 centaur zombies (Ossuary)
  2 orc wizards
  An orc priest (D:3)
  2 worker ants (D:4)
  An ogre zombie (Ossuary)
  7 adders
  2 adder zombies (Ossuary)
  2 worms (D:2)
  3 dart slugs
  A leopard gecko (D:1)
  11 orcs
  10 bats
  2 giant cockroaches (D:3)
  11 goblins
  8 hobgoblins
  2 jackals (D:1)
  8 kobolds
  A quokka (D:3)
  5 frilled lizards
  4 goblin zombies (Ossuary)
  3 hobgoblin zombies (Ossuary)
  2 kobold zombies (Ossuary)
  14 rats
  2 rat zombies (Ossuary)
106 creatures vanquished.

Notes
Turn   | Place    | Note
-------+----------+-------------------------------------------
     0 | D:1      | nuthulu the Gargoyle Fighter began the quest for the Orb.
     0 | D:1      | Reached XP level 1. HP: 14/14 MP: 1/1
    21 | D:1      | Reached XP level 2. HP: 16/19 MP: 2/2
   368 | D:1      | Reached XP level 3. HP: 22/23 MP: 3/3
   411 | D:1      | Reached skill level 4 in Shields
   898 | D:2      | Reached XP level 4. HP: 17/28 MP: 4/4
  1692 | D:2      | Reached XP level 5. HP: 22/32 MP: 5/5
  1796 | D:3      | Reached skill level 5 in Shields
  2446 | D:3      | Reached XP level 6. HP: 21/37 MP: 6/6
  2674 | D:3      | You fall through a shaft for 2 floors!
  2674 | D:5      | Entered Level 5 of the Dungeon
  2687 | D:4      | Noticed a phantom
  3128 | D:4      | Found a sand-covered staircase.
  3138 | Ossuary  | Entered an ossuary
  3215 | Ossuary  | Reached skill level 6 in Shields
  3295 | Ossuary  | Reached skill level 5 in Maces & Flails
  3321 | Ossuary  | Noticed Menkaure
  3350 | Ossuary  | Demolished by Menkaure

Skill      XL: |  1  2  3  4  5  6 |
---------------+-------------------+-----
Shields        | 4 5 6 |  6.2
Maces & Flails | 3 4 5 |  5.1
Fighting       | |  3.2
Armour         | |  3.2

Action                   |  1- 3 |  4- 6 || total
-------------------------+-------+-------++-------
Melee: Flail             |   152 |   303 ||   455
  Use: Scroll            |     5 |     1 ||     6
       Potion            |       |     1 ||     1
  Eat: Chunk             |       |     8 ||     8
Armor: Scale mail        |   104 |   157 ||   261
Dodge: Dodged            |    60 |    90 ||   150
Block: Shield            |   115 |   193 ||   308
